Map: 黑色燃烧-天梯版

Players

cyan - Winner!

  • Race: Protoss Protoss
  • League: Grandmaster

llllllllllll (Coffee)

  • Race: Terran Terran
  • League: Master

Event: DreamHack SC2 Masters 2021 Winter

VOD

Have the link to the VOD?

Description

Time

  • Played on: Oct. 10, 2021, 8:15 a.m.
  • Length: 19:22

All games in this series

Show
View Real Time Build Order
Export as new Build Order

cyan Protoss - Winner!

Build Orders: 1 Gate Expand, Blink Stalkers, Colossus Rush 

Get SALT Encoding   

  12  0:00  Probe  
  13  0:12  Probe  
  14  0:17  Pylon  
  14  0:24  Probe (Chrono Boost)  
  15  0:36  Probe (Chrono Boost)  
  15  0:38  Gateway  
  16  0:44  Probe (Chrono Boost)  
  16  0:46  Assimilator  
  17  0:51  Probe  
  18  1:03  Probe  
  19  1:15  Probe  
  20  1:25  Cybernetics Core  
  20  1:35  Nexus  
  20  1:36  Probe  
  21  1:44  Pylon  
  21  1:48  Probe  
  21  1:52  Assimilator  
  22  1:59  Adept (Chrono Boost)  
  22  2:00  Probe  
  23  2:04  Warp Gate  
  25  2:12  Probe  
  26  2:20  Adept (Chrono Boost)  
  28  2:24  Probe  
  29  2:32  Twilight Council  
  29  2:37  Probe  
  30  2:46  Stalker, Probe  
  33  2:51  Gateway  
  33  2:53  Probe  
  34  3:01  Probe, Shield Battery  
  34  3:05  Blink (Chrono Boost)  
  35  3:07  Probe  
  36  3:15  Probe  
  36  3:19  Probe  
  38  3:28  Robotics Facility, Probe  
  38  3:31  Probe  
  40  3:35  Pylon  
  40  3:40  Probe  
  41  3:43  Probe  
  42  3:52  Probe (Chrono Boost)  
  42  3:54  Stalker, Assimilator  
  46  3:59  Stalker  
  46  4:01  Probe (Chrono Boost)  
  49  4:03  Probe (Chrono Boost)  
  49  4:05  Pylon  
  49  4:08  Probe x2 (Chrono Boost)  
  49  4:09  Gateway  
  51  4:14  Assimilator  
  51  4:16  Observer  
  52  4:18  Probe  
  52  4:19  Probe  
  54  4:24  Robotics Bay  
  54  4:30  Probe, Pylon  
  55  4:31  Probe  
  55  4:37  Stalker  
  58  4:39  Stalker  
  58  4:42  Probe  
  58  4:43  Probe  
  62  4:48  Immortal (Chrono Boost)  
  65  4:55  Pylon  
  65  4:57  Probe  
  66  5:12  Probe  
  67  5:17  Nexus  
  67  5:19  Pylon  
  67  5:20  Stalker  
  69  5:24  Colossus (Chrono Boost)  
  75  5:37  Probe  
  75  5:40  Sentry x2  
  80  5:48  Extended Thermal Lance, Probe  
  79  5:50  Forge  
  79  5:54  Stalker, Gateway  
  80  6:00  Gateway  
  80  6:02  Gateway  
  78  6:04  Pylon  
  78  6:06  Stalker  
  78  6:08  Observer  
  78  6:09  Pylon  
  76  6:15  Probe  
  77  6:23  Protoss Ground Weapons Level 1, Pylon  
  77  6:25  Colossus (Chrono Boost)  
  77  6:32  Nexus  
  83  6:35  Pylon  
  83  6:40  Observer  
  83  6:42  Probe  
  84  6:48  Probe  
  85  6:54  Gateway  
  85  6:55  Sentry  
  85  6:56  Shield Battery  
  85  6:57  Gateway  
  85  6:59  Sentry  
  89  7:03  Stalker  
  89  7:07  Stalker  
  93  7:10  Stalker  
  93  7:14  Stalker  
  96  7:32  Stalker  
  96  7:33  Stalker x2  
  102  7:44  Observer  
  102  7:46  Colossus (Chrono Boost), Probe  
  102  7:47  Probe x2  
  102  7:49  Shield Battery  
  111  7:58  Photon Cannon, Shield Battery  
  111  7:59  Probe x3  
  111  8:03  Pylon  
  114  8:06  Pylon  
  114  8:11  Robotics Facility, Probe x3  
  117  8:15  Pylon  
  117  8:20  Stalker  
  117  8:21  Twilight Council  
  117  8:23  Probe  
  117  8:24  Forge  
  117  8:26  Stalker  
  122  8:31  Assimilator  
  122  8:33  Observer (Chrono Boost)  
  123  8:35  Assimilator  
  123  8:37  Stalker  
  123  8:38  Stalker  
  127  8:41  Stalker  
  127  8:43  Protoss Ground Armor Level 1 (Chrono Boost)  
  127  8:47  Stalker  
  127  8:48  Shield Battery  
  131  8:51  Probe  
  131  8:53  Observer  
  131  8:57  Probe  
  131  8:58  Stalker  
  131  9:01  Protoss Ground Weapons Level 2 (Chrono Boost)  
  133  9:07  Probe  
  133  9:08  Probe  
  135  9:18  Nexus  
  135  9:19  Immortal (Chrono Boost), Pylon  
  139  9:28  Immortal (Chrono Boost)  
  143  9:32  Pylon  
  143  9:39  Pylon  
  143  9:43  Templar Archives  
  139  9:47  Zealot x4  
  147  10:04  Colossus (Chrono Boost)  
  147  10:05  Pylon  
  147  10:06  Pylon  
  151  10:07  Immortal x2 (Chrono Boost)  
  155  10:19  Zealot x4  
  163  10:22  Colossus x2 (Chrono Boost)  
  163  10:24  Protoss Ground Armor Level 2 (Chrono Boost)  
  161  10:31  Pylon  
  161  10:33  Zealot x3  
  167  10:46  High Templar x4  
  173  10:51  Archon x2  
  173  10:52  High Templar  
  173  10:54  Shield Battery  
  173  10:55  Photon Cannon, High Templar  
  177  10:59  Zealot x2  
  177  11:00  Archon  
  127  11:18  Zealot x4  
  127  11:21  Immortal x2  
  127  11:22  Protoss Ground Weapons Level 3 (Chrono Boost)  
  127  11:24  Zealot x2  
  123  11:29  Stalker x2  
  125  11:34  Probe  
  126  11:49  Probe x3  
  126  11:50  Sentry x2  
  126  11:52  High Templar x2  
  137  11:55  Probe  
  137  12:01  Assimilator x2, Probe x3, Charge (Chrono Boost)  
  141  12:11  High Templar x2  
  141  12:12  Zealot x2  
  149  12:19  Observer  
  149  12:20  Archon  
  149  12:22  Archon  
  145  12:29  Nexus  
  140  12:33  Pylon  
  140  12:34  Stalker x4  
  140  12:36  Stalker  
  150  12:45  Stalker  
  150  12:46  Stalker x2  
  150  12:49  Protoss Ground Armor Level 3 (Chrono Boost)  
  156  12:52  Probe  
  156  12:54  Probe  
  158  12:59  Disruptor x2  
  164  13:09  Shield Battery  
  164  13:10  Photon Cannon  
  164  13:11  Stalker x3  
  170  13:16  Stalker  
  170  13:17  Stalker  
  174  13:26  Stalker x2  
  174  13:27  Stalker  
  180  13:37  Disruptor (Chrono Boost)  
  180  13:38  Disruptor (Chrono Boost)  
  186  13:45  Dark Shrine  
  188  13:48  Shield Battery  
  188  13:49  Photon Cannon  
  188  13:50  Protoss Shields Level 1 (Chrono Boost)  
  186  14:04  Gateway  
  186  14:07  Gateway  
  186  14:09  Disruptor x2 (Chrono Boost)  
  188  14:20  Gateway  
  188  14:21  Gateway  
  188  14:28  Assimilator  
  174  14:32  Assimilator  
  174  14:39  Disruptor x2  
  176  14:56  Zealot x2  
  176  14:57  Zealot x2  
  127  15:00  Shadow Stride (Chrono Boost)  
  184  15:05  Dark Templar x4  
  192  15:14  Disruptor x2  
  195  15:22  Dark Templar x2  
  195  15:24  Pylon  
  195  15:25  Pylon  
  199  15:34  Gravitic Drive (Chrono Boost)  
  199  15:47  Nexus  
  199  15:48  Pylon  
  197  15:59  Observer x2  
  192  16:14  Protoss Shields Level 2 (Chrono Boost)  
  190  16:20  Protoss Air Weapons Level 1 (Chrono Boost)  
  190  16:22  Stargate  
  190  16:23  Gravitic Boosters  
  190  16:25  Stargate  
  190  16:27  Stargate, Shield Battery  
  190  16:28  Shield Battery  
  190  16:29  Shield Battery  
  190  16:30  Cybernetics Core  
  190  16:31  Shield Battery  
  190  16:34  Pylon  
  190  16:36  Warp Prism  
  190  16:37  Observer  
  193  16:40  Observer  
  193  16:41  Photon Cannon  
  193  16:43  Photon Cannon  
  193  16:45  Shield Battery  
  193  16:47  Pylon  
  193  16:54  Stargate, Pylon  
  193  17:00  Stargate  
  193  17:01  Stargate  
  193  17:13  Fleet Beacon  
  192  17:26  Observer  
  192  17:28  Protoss Air Armor Level 1 (Chrono Boost)  
  181  17:44  Dark Templar x9  
  199  17:52  Assimilator  
  199  17:55  Assimilator  
  170  18:27  Zealot x4  
  170  18:32  Archon x3  
  157  18:36  Stalker x3  
  157  18:37  Stalker x5  
  152  18:52  Zealot x4  
  154  19:01  Stalker x3  
  154  19:02  Stalker x5  
  168  19:14  Zealot x4  
Show
View Real Time Build Order
Export as new Build Order

llllllllllll Terran 

Build Orders:  

Get SALT Encoding   

  12  0:00  SCV  
  13  0:12  SCV  
  14  0:17  Supply Depot  
  14  0:24  SCV  
  15  0:38  SCV  
  15  0:39  Barracks  
  16  0:43  Refinery  
  16  0:50  SCV  
  16  0:55  Supply Depot  
  17  1:02  SCV  
  18  1:15  SCV  
  19  1:27  Orbital Command  
  19  1:30  Marine  
  20  1:48  Command Center  
  20  1:54  SCV  
  20  1:55  Barracks Reactor  
  21  2:06  SCV  
  21  2:07  Barracks  
  22  2:18  SCV  
  22  2:21  Barracks  
  23  2:30  SCV  
  23  2:32  Reaper x2  
  26  2:43  SCV  
  27  2:54  Barracks Tech Lab  
  27  2:55  SCV  
  28  3:01  Orbital Command  
  28  3:04  Marine x2  
  30  3:07  SCV  
  30  3:08  Barracks Tech Lab  
  30  3:12  Stimpack  
  31  3:13  Marine  
  31  3:18  Engineering Bay  
  31  3:19  SCV  
  33  3:21  Marine  
  33  3:22  Marine  
  35  3:28  Orbital Command  
  35  3:29  Marine  
  35  3:31  SCV  
  35  3:32  Refinery  
  37  3:39  Marine  
  37  3:40  Marine x2  
  40  3:45  Combat Shield  
  40  3:47  Marine  
  41  3:52  SCV  
  41  3:55  SCV  
  41  3:57  Supply Depot  
  42  4:04  SCV  
  42  4:06  Marauder  
  42  4:09  Marine  
  46  4:17  Supply Depot  
  46  4:18  Marine  
  46  4:19  Marauder, SCV, Terran Infantry Weapons Level 1  
  46  4:21  SCV  
  51  4:30  Supply Depot  
  51  4:31  SCV, Refinery  
  52  4:32  Marine x2  
  52  4:37  Factory  
  54  4:39  SCV  
  54  4:43  SCV  
  56  4:48  Marine  
  56  4:49  Marine  
  56  4:51  SCV  
  59  4:55  SCV  
  60  5:01  Marauder x2  
  60  5:03  SCV  
  60  5:04  Supply Depot  
  60  5:05  Supply Depot  
  64  5:10  SCV  
  64  5:16  SCV, Marine  
  66  5:24  Starport, Factory Reactor  
  66  5:26  SCV  
  66  5:28  SCV  
  67  5:30  Marauder x2  
  67  5:32  Refinery  
  70  5:40  Factory Reactor  
  69  5:43  SCV x2  
  69  5:53  Marauder x2  
  69  5:55  SCV x2  
  70  5:57  Marine x2  
  69  6:07  SCV x2  
  71  6:19  SCV x2  
  71  6:21  Medivac x2  
  71  6:23  Barracks Tech Lab, Marine x2  
  71  6:25  Marauder, Concussive Shells  
  81  6:28  Siege Tank  
  81  6:31  SCV  
  85  6:33  Supply Depot  
  85  6:34  Supply Depot  
  85  6:42  Marine  
  86  6:54  Marauder, Medivac x2, Marine  
  86  6:56  Supply Depot  
  86  7:00  Barracks  
  86  7:01  Barracks  
  93  7:04  Siege Tank  
  96  7:09  Marauder  
  97  7:25  Marauder  
  99  7:30  Marauder  
  99  7:36  Marine  
  99  7:37  Siege Tank, Marine  
  106  7:46  Viking x2, Command Center  
  106  7:49  Barracks Tech Lab, Barracks Reactor  
  106  7:53  Supply Depot  
  106  7:54  Supply Depot  
  106  7:56  Marauder x2  
  110  8:02  Marine x2  
  110  8:03  Missile Turret  
  112  8:09  SCV x2, Siege Tank  
  112  8:11  Supply Depot  
  117  8:20  Viking x2  
  117  8:26  Marauder x2  
  125  8:30  Marauder  
  127  8:36  Marine x2  
  127  8:37  Marine x2  
  130  8:50  Siege Tank  
  130  8:52  Viking  
  130  8:53  Viking  
  137  8:56  Marauder  
  138  9:03  SCV x2  
  138  9:05  Marauder  
  138  9:06  Marauder  
  144  9:13  Marine x3  
  144  9:14  Marine  
  148  9:17  Supply Depot  
  148  9:23  Orbital Command  
  148  9:29  Marauder x2  
  152  9:34  Supply Depot  
  152  9:40  Marine x2  
  152  9:49  Marauder  
  152  9:50  Marauder  
  152  9:51  Marauder  
  155  10:00  Siege Tank  
  157  10:09  Marine x2  
  157  10:10  Marauder  
  157  10:11  Marauder  
  163  10:15  Marauder  
  160  10:31  Marine  
  160  10:32  Marauder, Marine x3  
  160  10:33  Marauder  
  167  10:45  Marauder, Siege Tank  
  167  10:47  Viking  
  167  10:48  Viking  
  172  10:55  Marauder x2  
  176  11:03  Marine x2  
  178  11:06  Marauder  
  170  11:14  Marine x2  
  170  11:16  Marauder x2  
  128  11:21  Marine x2  
  96  11:27  SCV x2  
  96  11:28  Marauder, SCV  
  96  11:31  Marine  
  96  11:32  Marine  
  98  11:34  Siege Tank  
  98  11:38  Marauder x2  
  98  11:39  SCV, Marine  
  104  11:49  Marauder  
  106  11:55  Marine x2  
  106  11:57  Command Center  
  108  12:02  SCV x2  
  108  12:06  Marauder  
  112  12:09  Marauder  
  112  12:11  SCV  
  112  12:14  SCV, Terran Infantry Armor Level 1  
  116  12:15  Ghost Academy  
  111  12:30  Marauder x2  
  111  12:31  Marauder, Marine x4  
  111  12:34  Siege Tank  
  125  12:39  Refinery x2  
  125  12:44  Missile Turret, Enhanced Shockwaves  
  124  12:52  Ghost x2  
  124  12:54  Ghost  
  130  13:07  Siege Tank  
  130  13:09  Viking x2  
  130  13:12  Marine x4  
  140  13:16  SCV x3  
  144  13:28  SCV  
  144  13:29  Marauder x2  
  144  13:30  Marauder  
  144  13:31  SCV x2  
  150  13:40  SCV, Engineering Bay  
  150  13:41  Armory  
  151  13:43  Siege Tank  
  151  13:44  Planetary Fortress  
  154  13:53  Medivac x2  
  158  14:00  Marine x4  
  158  14:01  Ghost x2  
  166  14:04  Ghost  
  159  14:18  Marine x2  
  159  14:21  SCV x4  
  162  14:24  Marine x2  
  162  14:27  Missile Turret  
  162  14:29  Siege Tank  
  166  14:33  SCV x2  
  156  14:52  Sensor Tower  
  156  14:55  Marauder x3, Marine x3  
  156  14:59  Viking  
  167  15:00  Viking  
  167  15:01  Siege Tank  
  150  15:18  Marine x4  
  150  15:19  Marauder x2  
  149  15:23  Terran Infantry Weapons Level 2  
  149  15:24  Missile Turret  
  149  15:30  Marauder  
  149  15:33  Medivac x2  
  155  15:39  Sensor Tower  
  155  15:40  Marauder  
  157  15:46  Marine x3  
  157  15:48  Ghost  
  162  15:50  Ghost  
  162  16:09  Liberator x2  
  162  16:11  Siege Tank  
  171  16:15  Marine x4  
  175  16:22  Terran Infantry Armor Level 2  
  175  16:23  Personal Cloaking  
  175  16:25  Terran Ship Weapons Level 1  
  175  16:28  Refinery  
  175  16:29  Refinery  
  175  16:30  Marauder x3  
  181  16:39  Marine x3  
  183  16:40  Marine  
  183  16:43  Siege Tank  
  183  16:44  Supply Depot  
  188  16:52  Viking x2  
  190  17:02  Marine x2  
  190  17:03  Marine x2  
  190  17:04  Ghost  
  190  17:05  Ghost x2  
  200  17:19  Command Center  
  200  17:26  Marine x3  
  193  17:47  Marine x3  
  193  17:48  Marauder x2  
  198  17:55  Barracks  
  198  17:58  Barracks x2  
  188  18:09  Marine x2  
  190  18:15  Marauder  
  190  18:18  Siege Tank  
  140  18:38  Marauder  
  140  18:39  Marine  
  117  18:43  Marine x2  
  113  18:49  Marauder, Ghost  
  113  18:50  Marine  
  113  18:52  Marine x2  

Tags
 
Add a new tag
Caveats
  • Supply blocks, unpowered buildings, or Contaminate may cause inaccurate times.
  • Supply counts are checked every 10 seconds.